 Dungeon Crawl Stone Soup version 0.21.1-1-g345015fe64 (webtiles) character file.

38330 DildoBatman the Bewitcher (level 14, -6/109 HPs)
             Began as a Formicid Enchanter on Apr 17, 2018.
             Was a High Priest of Sif Muna.
             Mangled by Donald
             ... wielding a +2 double sword of electrocution
              (30 damage)
             ... on level 2 of the Orcish Mines.
             The game lasted 01:28:08 (20860 turns).

DildoBatman the Bewitcher (Formicid Enchanter)     Turns: 20860, Time: 01:28:09

Health: -6/109     AC: 25    Str: 23    XL:     14   Next: 33%
Magic:  13/27      EV: 11    Int: 18    God:    Sif Muna [*****.]
Gold:   2341       SH:  5    Dex: 14    Spells: 13/32 levels left

rFire    + + .     SeeInvis +   a - +3 flail (venom)
rCold    . . .     Gourm    +   D - +0 buckler
rNeg     . . .     Faith    .   p - +7 chain mail of the End {Regen+ Str+5}
rPois    .         Spirit   .   (helmet unavailable)
rElec    .         Reflect  .   M - +2 cloak {+Inv}
rCorr    .         Harm     .   (no gloves)
MR       +....                  y - +0 pair of boots
Stlth    +.........             g - amulet of Jom Wik {Gourm rF++ Dex+3}
HPRegen  0.68/turn              W - +3 ring of intelligence
MPRegen  0.20/turn              j - +3 ring of protection

@: contaminated, glowing, drained, invisible (but backlit and visible)
A: permanent stasis, dig shafts and tunnels, four strong arms, antennae 3
a: Dig, Shaft Self, Divine Energy, Channel Magic, Forget Spell, Renounce
Religion


You were on level 2 of the Orcish Mines.
You worshipped Sif Muna.
Sif Muna was extremely pleased with you.
You were very full.

You visited 4 branches of the dungeon, and saw 16 of its levels.
You also visited: Bailey and Ice Cave.

You collected 2432 gold pieces.
You spent 91 gold pieces at shops.

Inventory:

Hand Weapons
 a - a +3 flail of venom (weapon)
 b - a +2 dagger of electrocution
 c - a +1 shortbow of flaming
Missiles
 k - 44 sling bullets
 l - 2 throwing nets (quivered)
 q - 330 bolts
 r - 644 arrows
 s - 48 tomahawks
 w - 2 tomahawks of dispersal
 A - 4 silver tomahawks
 G - 4 poisoned tomahawks
Armour
 p - the +7 chain mail of the End (worn) {Regen+ Str+5}
   (You took it off an orc warrior in a bailey)

   It affects your strength (+5).
   It increases your rate of regeneration.
 t - a +0 chain mail of positive energy
 x - a +1 leather armour of fire resistance
 y - a +0 pair of boots (worn)
 D - a +0 buckler (worn)
 I - a cursed +0 large shield
 M - a +2 cloak of invisibility (worn)
Jewellery
 e - the ring of Shadows {Umbra +Inv Stlth+}
   (You found it on level 8 of the Dungeon)

   [ring of stealth]

   It lets you turn invisible.
   It makes you more stealthy.
 g - the amulet of Jom Wik (around neck) {Gourm rF++ Dex+3}
   (You found it in an ice cave)

   [amulet of the gourmand]

   It allows you to eat raw meat even when not hungry.
   It affects your dexterity (+3).
   It greatly protects you from fire.
 h - a +5 ring of dexterity {unknown}
 j - a +3 ring of protection (right hand)
 o - the ring of Niaweojo {rF+ MR+ SInv}
   (You found it in an ice cave)

   [ring of protection from magic]

   It protects you from fire.
   It affects your resistance to hostile enchantments.
   It lets you see invisible.
 F - an uncursed ring of flight
 W - a +3 ring of intelligence (left hand)
Wands
 i - a wand of polymorph (6)
Scrolls
 m - a scroll of brand weapon {unknown}
 n - a scroll of remove curse
 z - 7 scrolls of identify
 C - 2 scrolls of magic mapping
Potions
 f - 8 potions of curing
Books
 d - a Young Poisoner's Handbook

   Spells                             Type                      Level
   a - Sting                          Conjuration/Poison           1
   b - Poisonous Vapours              Poison/Air                   2
   c - Mephitic Cloud                 Conjuration/Poison/Air       3
   d - Olgreb's Toxic Radiance        Poison                       4
   e - Venom Bolt                     Conjuration/Poison           5
 B - Sif Muna's Handbook of the Oath
   (Sif Muna gifted it to you on level 2 of the Orcish Mines)

   Spells                             Type                      Level
   a - Confusing Touch                Hexes                        1
   b - Corona                         Hexes                        1
   c - Cause Fear                     Hexes                        4
   d - Metabolic Englaciation         Hexes/Ice                    5
   e - Invisibility                   Hexes                        6
   f - Discord                        Hexes                        8
Comestibles
 v - 34 rations


   Skills:
 * Level 9.7(9.6) Fighting
 - Level 1.0(0.8) Short Blades
 - Level 8.0(7.9) Armour
 - Level 6.0(5.8) Dodging
 - Level 8.0(7.8) Stealth
 - Level 5.0(4.8) Shields
 * Level 9.5(9.3) Spellcasting
 * Level 16.8(16.6) Hexes
 - Level 8.0(7.8) Evocations


You had 13 spell levels left.
You knew the following spells:

 Your Spells              Type           Power        Failure   Level  Hunger
a - Corona                Hex            ######.      1%          1    None
b - Confuse               Hex            ######..     1%          3    None
c - Darkness              Hex            ######....   9%          6    ######.
e - Mephitic Cloud        Conj/Pois/Air  #.......     85%         3    None
i - Invisibility          Hex            ######..     9%          6    ######.


Dungeon Overview and Level Annotations

Branches:
Dungeon (12/15)            Temple (1/1) D:4            Lair (1/6) D:11
    Orc (2/2) D:10            Elf (0/3) Orc:2

Altars:
Ashenzari
Cheibriados
Dithmenos
Elyvilon
Fedhas
Gozag
Hepliaklqana
Kikubaaqudgha
Makhleb
Nemelex Xobeh
Okawaru
Qazlal
Ru
Sif Muna
Trog
Uskayaw
Vehumet
Wu Jian
Xom
Yredelemnul
Zin
The Shining One
Beogh

Shops:
D:12 ?   Orc:1 ?   Orc:2 %*([?

Portals:
Trove: D:11 (give +6 demon blade)

Annotations:
D:8 exclusions: angel and blizzard demon
Orc:2 Donald


Innate Abilities, Weirdness & Mutations

You cannot be hasted, slowed, berserked, paralysed or teleported.
You can dig through walls and to a lower floor.
Your four strong arms can wield two-handed weapons with a shield.
You have a pair of large antennae on your head. (SInv)


Message History

Donald completely misses you. Donald barely misses you.
All of the chunks of flesh in your inventory have rotted away.
Donald says, "Maybe I'll visit Hell next."
Donald hits you with a double sword of electrocution!!
Things that are here:
a robe a dagger a plate armour a broad axe Donald says, "Imagine how many trees were cut down to fuel your hobby."
Donald hits you with a double sword of electrocution!
Things that are here:
an uncursed glaive an uncursed arbalest You are contaminated with residual magic.
Donald says, "Why is it so dark?
Have they never heard of torches?"
Donald says, "Found the spell you wanted yet?"
Donald hits you with a double sword of electrocution!!
You die...

######### ##.
#.#.#.#.## #..
##.......######..
####......#.#...#..
###............###...
##.##........#.####...
#.##..)......###..)[[.
##.............##.....#
#.....@...............#
#....@#..#.............
#.....#####...#########
##)..)#).#....#........
#..<...[......#........
#........)....#..8..#..
##.##.........#........
##[[........##........
#####......##..#..###


You could see Donald.

Vanquished Creatures
  2 orc warlords (Orc:1)
  2 ice dragons (IceCv)
  The ghost of DwarfAlpaca the Fighter, a journeyman GnWn of Cheibriados (D:11)
  A hydra (D:12)
  4 two-headed ogres
  2 orc high priests
  Nergalle (D:10)
  2 unseen horrors
  Pikel (D:4)
  7 orc knights
  2 orc sorcerers (Orc:2)
  An ugly thing (D:12)
  A manticore (D:11)
  The ghost of KleinerIrrer the Insei, a novice OpAK of Lugonu (D:7)
  A cyclops (D:11)
  2 ice statues (IceCv)
  4 rime drakes
  A queen bee (D:10)
  A merfolk (D:12)
  Grinder (D:4)
  5 trolls
  The ghost of DildoBatman the Sneak, an amateur FoEn (D:5)
  A hornet (D:12)
  A hippogriff (D:8)
  A centaur simulacrum (D:11)
  A shadow (D:10)
  A yak (D:11)
  A wyvern (D:9)
  2 hungry ghosts
  2 steam dragons (D:8)
  2 vampire mosquitoes (D:12)
  Menkaure (D:5)
  5 wargs (Orc:1)
  Edmund (D:4)
  An acid dragon (D:11)
  Duvessa (D:7)
  53 orc warriors
  2 porcupines (D:11)
  4 slaves (D:4)
  2 sky beasts (D:8)
  18 ice beasts
  A necrophage (D:10)
  4 phantoms
  16 ogres
  2 wolves (D:11)
  2 crocodiles (D:11)
  27 centaurs
  4 big kobolds
  6 bullfrogs
  A gnoll sergeant (D:3)
  Dowan (D:7)
  5 scorpions
  33 killer bees
  2 bullfrog zombies (D:12)
  5 crimson imps
  4 hounds
  20 orc priests
  Crazy Yiuf (D:5)
  A bullfrog skeleton (D:11)
  4 jellies
  Natasha (thrice) (D:2 D:1)
  5 iguanas
  22 orc wizards
  9 worker ants
  A hound zombie (D:10)
  2 howler monkey zombies
  11 gnolls
  2 howler monkey skeletons
  12 adders
  2 shadow imps (D:10)
  An adder skeleton (D:9)
  2 worms (D:2)
  2 dart slugs
  6 leopard geckos
  104 orcs
  6 bats
  5 giant cockroaches
  10 goblins
  7 hobgoblins
  6 jackals
  31 kobolds
  9 quokkas
  A ball python (D:4)
  6 frilled lizards
  2 goblin skeletons (D:4)
  2 hobgoblin zombies (D:4)
  3 kobold skeletons (D:4)
  A kobold zombie (D:4)
  2 orc skeletons (D:4)
  18 rats
  A plant (D:11)
577 creatures vanquished.

Vanquished Creatures (collateral kills)
  A centaur (D:12)
1 creature vanquished.

Vanquished Creatures (others)
  A sky beast (D:7)
  A killer bee (D:10)
  An orc (Orc:2)
  39 fungi (D:11)
  6 plants (D:11)
48 creatures vanquished.

Grand Total: 626 creatures vanquished

Notes
Turn   | Place    | Note
-------+----------+-------------------------------------------
     0 | D:1      | DildoBatman the Formicid Enchanter began the quest for the Orb.
     0 | D:1      | Reached XP level 1. HP: 13/13 MP: 3/3
    17 | D:1      | Reached skill level 1 in Fighting
   190 | D:1      | Reached XP level 2. HP: 20/22 MP: 5/5
   705 | D:1      | Reached XP level 3. HP: 28/28 MP: 6/6
   710 | D:1      | Learned a level 3 spell: Confuse
  1336 | D:2      | Noticed Natasha
  1383 | D:1      | HP: 1/29 [poisoned by an adder]
  1685 | D:2      | Reached XP level 4. HP: 12/35 MP: 4/7
  1965 | D:2      | Reached skill level 1 in Armour
  2877 | D:3      | Found an opulent altar of Gozag.
  2881 | D:3      | Found a white marble altar of Elyvilon.
  2883 | D:3      | Found an ornate altar of the Wu Jian Council.
  2883 | D:3      | Found a sacrificial altar of Ru.
  3188 | D:3      | Reached XP level 5. HP: 40/41 MP: 8/8
  4208 | D:4      | Found a deep blue altar of Sif Muna.
  4320 | D:4      | Noticed a slave
  4366 | D:4      | Noticed Grinder
  4432 | D:4      | Became a worshipper of Sif Muna the Loreminder
  4439 | D:4      | Reached XP level 6. HP: 26/48 MP: 4/9
  4568 | D:2      | Killed Natasha
  4584 | D:2      | Noticed Natasha
  4604 | D:1      | Killed Natasha
  4815 | D:1      | Noticed Natasha
  4819 | D:1      | Killed Natasha
  5234 | D:4      | Found a glowing golden altar of the Shining One.
  5252 | D:5      | Entered Level 5 of the Dungeon
  5258 | D:5      | Noticed an ice beast
  5292 | D:5      | Noticed an ogre
  5348 | D:4      | Noticed Edmund
  5576 | D:4      | Found a staircase to the Ecumenical Temple.
  5589 | D:4      | Reached skill level 4 in Hexes
  5593 | Temple   | Entered the Ecumenical Temple
  5675 | D:4      | Noticed a slave
  5678 | D:4      | Noticed a slave
  5720 | D:4      | Killed a slave
  5730 | D:4      | Killed a slave
  5885 | D:4      | Killed a slave
  6030 | D:4      | Noticed Pikel
  6133 | D:4      | Noticed a slave
  6258 | D:4      | Killed Pikel
  6258 | D:4      | Reached skill level 5 in Fighting
  6258 | D:4      | Reached skill level 5 in Hexes
  6258 | D:4      | Reached XP level 7. HP: 52/56 MP: 1/12
  6258 | D:4      | Reached XP level 8. HP: 59/63 MP: 1/13
  6365 | D:4      | Killed Edmund
  6365 | D:4      | Reached * piety under Sif Muna
  6365 | D:4      | Reached skill level 1 in Evocations
  6508 | D:4      | Killed Grinder
  6508 | D:4      | Reached skill level 6 in Hexes
  6729 | D:5      | Reached skill level 7 in Hexes
  6729 | D:5      | Reached XP level 9. HP: 68/68 MP: 5/14
  6766 | D:5      | Noticed DildoBatman's ghost (amateur FoEn)
  6970 | D:5      | Killed DildoBatman's ghost
  6970 | D:5      | Reached ** piety under Sif Muna
  6970 | D:5      | Reached skill level 8 in Hexes
  7167 | D:5      | Reached skill level 9 in Hexes
  7358 | D:5      | Found a runed door.
  7368 | D:5      | Noticed Crazy Yiuf
  7378 | D:5      | Killed Crazy Yiuf
  7562 | D:5      | Noticed Menkaure
  7577 | D:5      | Killed Menkaure
  7695 | D:6      | Reached skill level 10 in Hexes
  8064 | D:6      | Reached *** piety under Sif Muna
  8128 | D:6      | Reached skill level 5 in Armour
  8261 | D:6      | Reached XP level 10. HP: 62/76 MP: 16/16
  8328 | D:6      | Found a basalt altar of Yredelemnul.
  8784 | D:7      | Found a flagged portal.
  8909 | D:7      | Reached skill level 11 in Hexes
  9088 | Bailey   | Entered a bailey
  9232 | Bailey   | Noticed an orc knight
  9233 | Bailey   | Killed an orc knight
  9233 | Bailey   | Reached **** piety under Sif Muna
  9233 | Bailey   | Reached skill level 12 in Hexes
  9264 | Bailey   | HP: 3/76 [orc warrior/bolt (10)]
  9445 | Bailey   | Got an ichor-stained chain mail
  9501 | Bailey   | Identified the +7 chain mail of the End {Regen+ Str+5} (You took it off an orc warrior in a bailey)
  9519 | Bailey   | Noticed an orc knight
  9526 | Bailey   | Killed an orc knight
  9526 | Bailey   | Reached skill level 13 in Hexes
  9745 | D:7      | Noticed KleinerIrrer's ghost (novice OpAK)
  9770 | D:7      | Killed KleinerIrrer's ghost
  9770 | D:7      | Reached XP level 11. HP: 78/81 MP: 15/17
  9784 | D:7      | Reached skill level 14 in Hexes
 10076 | D:7      | Noticed Duvessa
 10076 | D:7      | Noticed Dowan
 10086 | D:7      | Killed Duvessa
 10095 | D:7      | Killed Dowan
 10202 | D:8      | Reached ***** piety under Sif Muna
 10215 | D:8      | Reached skill level 5 in Stealth
 10227 | D:8      | Found a burning altar of Makhleb.
 10240 | D:8      | Found a glowing silver altar of Zin.
 10240 | D:8      | Noticed an angel
 10240 | D:8      | Noticed a blizzard demon
 10376 | D:8      | Found a shattered altar of Ashenzari.
 10428 | D:8      | Noticed a two-headed ogre
 10459 | D:8      | Killed a two-headed ogre
 10459 | D:8      | Received a gift from Sif Muna
 10459 | D:8      | Reached skill level 5 in Evocations
 10486 | D:8      | Identified Sif Muna's Tome of Malediction (Sif Muna gifted it to you on level 8 of the Dungeon)
 10587 | D:8      | Found a stormy altar of Qazlal.
 10596 | D:8      | Found the ring of Shadows {Umbra +Inv Stlth+}
 10957 | D:9      | Reached skill level 5 in Spellcasting
 11781 | D:10     | Entered Level 10 of the Dungeon
 11800 | D:10     | Noticed Nergalle
 11950 | D:10     | Reached skill level 5 in Shields
 12048 | D:10     | Found a staircase to the Orcish Mines.
 12054 | D:10     | Noticed a two-headed ogre
 12070 | D:10     | Killed a two-headed ogre
 12402 | D:10     | Noticed a two-headed ogre
 12425 | D:10     | Killed Nergalle
 12451 | D:10     | Killed a two-headed ogre
 12451 | D:10     | Reached XP level 12. HP: 38/89 MP: 12/20
 12944 | D:11     | Found a frozen archway.
 13059 | IceCv    | Entered an ice cave
 13943 | IceCv    | Noticed an ice dragon
 13973 | IceCv    | Killed an ice dragon
 13997 | IceCv    | Noticed an ice dragon
 14203 | IceCv    | Got a smoking golden ring
 14207 | IceCv    | Got a flickering diamond amulet
 14209 | IceCv    | Got a brightly glowing copper ring
 14236 | IceCv    | Identified the amulet of Jom Wik {Gourm rF++ Dex+3} (You found it in an ice cave)
 14238 | IceCv    | Identified the ring of Niaweojo {rF+ MR+ SInv} (You found it in an ice cave)
 14240 | IceCv    | Identified the ring of Umimaz {Wiz +Blink +Inv MR- Dex+3} (You found it in an ice cave)
 14305 | IceCv    | Killed an ice dragon
 14483 | D:11     | Reached skill level 5 in Dodging
 14498 | D:11     | Noticed DwarfAlpaca's ghost (journeyman GnWn)
 14806 | D:11     | Reached skill level 15 in Hexes
 14815 | D:11     | Noticed a two-headed ogre
 14833 | D:11     | Killed a two-headed ogre
 14833 | D:11     | Reached XP level 13. HP: 84/98 MP: 15/23
 14945 | D:11     | Killed DwarfAlpaca's ghost
 14945 | D:11     | Identified Sif Muna's Tome of Displacement and Ice (Sif Muna gifted it to you on level 11 of the Dungeon)
 14945 | D:11     | Received a gift from Sif Muna
 14957 | D:11     | Found a staircase to the Lair.
 15313 | D:11     | Found a portal to a secret trove of treasure.
 16052 | Lair:1   | Entered Level 1 of the Lair of Beasts
 16070 | D:11     | Learned a level 6 spell: Darkness
 16191 | D:12     | Found Qozuu's Magic Scroll Shoppe.
 16248 | D:12     | Noticed an eight-headed hydra
 16269 | D:12     | Killed an eight-headed hydra
 16326 | D:12     | Reached skill level 16 in Hexes
 16956 | Orc:1    | Entered Level 1 of the Orcish Mines
 17239 | Orc:1    | Found a burning altar of Makhleb.
 17411 | Orc:2    | Entered Level 2 of the Orcish Mines
 17447 | Orc:2    | Noticed an orc warlord
 17941 | Orc:2    | Identified Sif Muna's Handbook of the Oath (Sif Muna gifted it to you on level 2 of the Orcish Mines)
 17941 | Orc:2    | Received a gift from Sif Muna
 17954 | Orc:2    | Learned a level 6 spell: Invisibility
 17958 | Orc:2    | Learned a level 3 spell: Mephitic Cloud
 18062 | Orc:1    | Found Erexkuokh's Magic Scroll Boutique.
 18105 | Orc:1    | Bought a scroll of magic mapping for 49 gold pieces
 18232 | Orc:1    | Found a bloodstained altar of Trog.
 18477 | Orc:2    | Found a staircase to the Elven Halls.
 18647 | Orc:2    | Found Wetiun's Food Shop.
 19274 | Orc:2    | Noticed Donald
 19528 | Orc:1    | Killed an orc warlord
 19528 | Orc:1    | Reached XP level 14. HP: 48/106 MP: 17/26
 19955 | Orc:2    | Found Siak's Armour Shop.
 19955 | Orc:2    | Found Hiofuisch's Weapon Emporium.
 19957 | Orc:2    | Found Qutell's General Store.
 19959 | Orc:2    | Found Kaskest's Magic Scroll Boutique.
 19971 | Orc:2    | Bought a scroll of magic mapping for 42 gold pieces
 20256 | Orc:2    | Found a roughly hewn altar of Beogh.
 20256 | Orc:2    | Noticed an orc warlord
 20419 | Orc:1    | Killed an orc warlord
 20860 | Orc:2    | Mangled by Donald

Skill      XL: |  1  2  3  4  5  6  7  8  9 10 11 12 13 14 |
---------------+-------------------------------------------+-----
Fighting       | 1 2 3 4 5 6 8 9 |  9.7
Dodging        | 2 3 5 6 |  6.0
Armour         | 2 3 4 5 6 7 8 |  8.0
Stealth        | 4 6 7 8 |  8.0
Hexes          | 5 7 10 13 14 15 16 | 16.8
Shields        | 2 3 5 |  5.0
Spellcasting   | 3 4 5 7 8 9 |  9.5
Evocations     | 4 5 8 |  8.0
Short Blades   | |  1.0

Action                   |  1- 3 |  4- 6 |  7- 9 | 10-12 | 13-15 || total
-------------------------+-------+-------+-------+-------+-------++-------
Melee: Dagger            |   122 |    80 |       |    22 |    57 ||   281
       Short sword       |       |   195 |    54 |       |       ||   249
       Flail             |       |       |   188 |   965 |   764 ||  1917
 Fire: Shortbow          |       |       |       |    21 |       ||    21
 Cast: Corona            |    24 |    37 |    19 |    43 |    33 ||   156
       Confuse           |       |    27 |    37 |    97 |    97 ||   258
       Invisibility      |       |       |       |       |     4 ||     4
 Abil: Dig               |     1 |    18 |     1 |    18 |    41 ||    79
Evoke: Wand              |       |     1 |     2 |    36 |       ||    39
  Use: Potion            |     1 |       |       |     1 |       ||     2
       Scroll            |       |       |       |    10 |       ||    10
 Stab: Sleeping          |     2 |     5 |     1 |     2 |       ||    10
       Paralysed         |       |     6 |     6 |       |       ||    12
       Confused          |       |     4 |    15 |    29 |    38 ||    86
       Invisible         |       |       |       |       |     2 ||     2
  Eat: Chunk             |     3 |    20 |    20 |    43 |    30 ||   116
Armor: Robe              |    20 |       |       |       |       ||    20
       Ring mail         |       |    99 |    61 |    40 |       ||   200
       Chain mail        |       |       |       |   611 |   424 ||  1035
Dodge: Dodged            |    72 |   163 |    96 |   684 |   456 ||  1471
Block: Buckler           |       |     3 |    36 |   300 |   254 ||   593
